 Dungeon Crawl Stone Soup version 0.18.1-50-g88ac8fd (webtiles) character file.

21974 Nordron the Thaumaturge (level 12, -3/72 HPs)
             Began as a Gargoyle Earth Elementalist on Sept 26, 2016.
             Was a High Priest of Vehumet.
             Slain by a white imp (4 damage)
             ... on level 4 of the Lair of Beasts.
             The game lasted 02:17:14 (14607 turns).

Nordron the Thaumaturge (GrEE)                     Turns: 14607, Time: 02:17:16

Health: -3/72      AC: 21    Str: 19    XL:     12   Next: 95%
Magic:  18/26      EV: 14    Int: 20    God:    Vehumet [*****.]
Gold:   795        SH:  0    Dex: 13    Spells: 5 memorised, 14 levels left

rFire  + . .     SeeInvis +     T - +10 quarterstaff "Neol" {crush, Str+6}
rCold  . . .     Gourm    +     o - +2 robe {rF+}
rNeg   + . .     Faith    .     (shield currently unavailable)
rPois  ∞         Spirit   .     w - +2 hat {SInv}
rElec  +         Dismiss  .     q - +1 cloak
rCorr  .         Reflect  .     O - +0 pair of gloves
SustAt .         Harm     .     v - +1 pair of boots
MR     .....                    y - amulet of the gourmand
Stlth  ++........               z - ring of wizardry
                                E - +3 ring of dexterity

@: about to teleport, very slightly contaminated, not resistant to hostile
enchantments, unstealthy
A: negative energy resistance 1, electricity resistance, unbreathing,
petrification resistance, rot immunity, AC +8
a: Renounce Religion


You were on level 4 of the Lair of Beasts.
You worshipped Vehumet.
Vehumet was extremely pleased with you.
You were very full.

You visited 3 branches of the dungeon, and saw 14 of its levels.
You also visited: Sewer and Volcano.

You collected 820 gold pieces.
You spent 25 gold pieces at shops.

Inventory:

Hand Weapons
 d - a +2 mace of flaming
 t - a +3 dagger of protection
 B - a +6 rapier of flaming
 N - the +5 mace of Benevolence {antimagic, rF+ rC+ Int+4}
   (You found it on level 7 of the Dungeon)

   It disrupts the flow of magical energy around spellcasters and certain
   magical creatures (including the wielder).
   It affects your intelligence (+4).
   It protects you from fire.
   It protects you from cold.
 T - the +10 quarterstaff "Neol" (weapon) {crush, Str+6}
   (You found it on level 9 of the Dungeon)

   It inflicts extra damage upon your enemies.
   It affects your strength (+6).
Missiles
 b - 133 stones (quivered)
Armour
 f - a +2 ring mail of fire resistance
 o - a +2 robe of fire resistance (worn)
 q - a +1 cloak (worn)
 v - a +1 pair of boots (worn)
 w - a +2 hat of see invisible (worn)
 M - a +2 robe of magic resistance
 O - a +0 pair of gloves (worn)
Magical Staves
 H - an uncursed staff of earth
Jewellery
 p - a +3 amulet of reflection
 r - an uncursed ring of see invisible
 y - an amulet of the gourmand (around neck)
 z - a ring of wizardry (right hand)
 E - a +3 ring of dexterity (left hand)
Wands
 i - a wand of acid (11/15)
 P - a wand of lightning (13/15)
 U - a wand of flame (25/48)
Scrolls
 e - 9 scrolls of teleportation
 u - 9 scrolls of identify
 J - 2 scrolls of remove curse
Potions
 g - 4 potions of heal wounds
 n - 5 potions of curing
 C - 8 potions of brilliance
 L - 3 potions of ambrosia
 S - 3 potions of magic
Books
 a - a Young Poisoner's Handbook

   Spells                             Type                      Level
   a - Sting                          Conjuration/Poison           1
   b - Cure Poison                    Poison                       2
   c - Mephitic Cloud                 Conjuration/Poison/Air       3
   d - Olgreb's Toxic Radiance        Poison                       4
   e - Venom Bolt                     Conjuration/Poison           5
 c - a book of Geomancy

   Spells                             Type                      Level
   a - Sandblast                      Earth                        1
   b - Passwall                       Transmutation/Earth          2
   c - Stone Arrow                    Conjuration/Earth            3
   d - Petrify                        Transmutation/Earth          4
   e - Lee's Rapid Deconstruction     Earth                        5
 D - a book of Ice

   Spells                             Type                      Level
   a - Ice Form                       Ice/Transmutation            4
   b - Metabolic Englaciation         Hexes/Ice                    5
   c - Ozocubu's Refrigeration        Ice                          6
   d - Bolt of Cold                   Conjuration/Ice              6
   e - Freezing Cloud                 Conjuration/Ice/Air          6
   f - Simulacrum                     Ice/Necromancy               6
Comestibles
 x - 30 fruits


   Skills:
 + Level 7.3 Fighting
 + Level 6.1 Maces & Flails
 + Level 6.5 Armour
 + Level 5.6 Dodging
 - Level 2.1 Stealth
 * Level 10.6 Spellcasting
 + Level 8.5 Conjurations
   Level 0.7 Transmutations
 + Level 1.4 Fire Magic
 + Level 10.3 Earth Magic
 + Level 5.3 Evocations


You had 14 spell levels left.
You knew the following spells:

 Your Spells              Type           Power        Failure   Level  Hunger
a - Sandblast             Erth           ######       1%          1    None
b - Stone Arrow           Conj/Erth      #####.       1%          3    None
c - Lee's Rapid Deconstr  Erth           ######....   1%          5    ####...
d - Mephitic Cloud        Conj/Pois/Air  ###.....     1%          3    None
e - Bolt of Fire          Conj/Fire      ####......   28%         6    ######.


Dungeon Overview and Level Annotations

Branches:
Dungeon (9/15)             Temple (1/1) D:4            Lair (4/8) D:9
 Spider (0/4) Lair:3
  Swamp: Lair:3-6    Shoals: Lair:3-6       Orc: D:9-12

Altars:
Ashenzari
Cheibriados
Dithmenos
Elyvilon
Fedhas
Gozag
Kikubaaqudgha
Makhleb
Nemelex Xobeh
Okawaru
Pakellas
Qazlal
Ru
Sif Muna
Trog
Vehumet
Xom
Yredelemnul
Zin
The Shining One

Shops:
D:5 }   D:7 [   D:8 *%

Portals:
Ice
Cave: Lair:4

Annotations:
Lair:2 cache
Lair:4 Snorg


Innate Abilities, Weirdness & Mutations

You are resistant to torment.
Your stone body is resilient (AC +8).
You are immune to poison.
You resist negative energy.
You are resistant to electric shocks.
You can survive without breathing.
You are immune to petrification.
You are immune to rotting.


Message History

The puff of frost hits you!
A white imp comes into view.
Read which item? (? for menu, Esc to quit)
Okay, then.
As you read the scroll of fog, it crumbles to dust.
The scroll dissolves into smoke.
The white imp misses you. Snorg bites you but does no damage.
Snorg barely misses you. Snorg claws you but does no damage.
The white imp hits the plant but does no damage.
The white imp gestures at you. The puff of frost misses you.
Read which item? (? for menu, Esc to quit)
As you read the scroll of teleportation, it crumbles to dust.
You feel strangely unstable. Snorg misses you. Snorg closely misses you.
Snorg claws you.
* * * LOW HITPOINT WARNING * * *
The white imp hits you.
* * * LOW HITPOINT WARNING * * *
The white imp freezes you.
You die...

*#*##* *** *P.#.##* *** **
*,*******......#* **#,***,
*,,,**,,*......P##########..**,,,
,,,,,,,,,...∩.§§5§..........,,,,,
*,***,,,,..55.§55TY........#,,,,,
,,,,*,,,,.....5P@###.....#.*,,*,,
,,,,**,,,.5....#§§##.....#*,,,,,,
,,,,*,,,,...##,#5##.........,,*,,
,,,,**,,,..,*,,..##...Y..#..,,*,,
,,,,**,,,,,+,'.....+.....#*.,,*..
,,,,**,,,..**#.##......Y.#,,,*,..
,,,,**,,,...##.####......##**##..
,,,,*,,,,...#.'.####......####...
*,,**,,,,........................


You could see Snorg (berserk), a yak and 6 white imps.

Vanquished Creatures
  Gastronok (Lair:2)
  A hydra (Lair:3)
  A queen ant (Lair:2)
  Pikel (D:9)
  A necromancer (Lair:3)
  3 toenail golems (Volcano)
  6 elephants (Lair:3)
  2 black mambas
  2 rime drakes
  4 spiny frogs
  5 komodo dragons
  2 polar bears
  A wyvern (D:9)
  13 yaks
  A vampire (D:9)
  5 hippogriffs
  6 humans (Volcano)
  2 basilisks (Lair:1)
  11 soldier ants
  5 water moccasins
  6 porcupines
  An orc warrior (D:8)
  A sky beast (D:5)
  3 black bears
  2 ogres
  6 wolves (Lair:1)
  7 crocodiles
  3 big kobolds
  14 giant frogs
  A wyvern zombie (D:8)
  2 howler monkeys
  A centaur zombie (D:7)
  A quasit (D:5)
  5 crimson imps
  4 orc priests (D:6)
  A hound (D:4)
  A giant frog skeleton (D:5)
  6 orc wizards
  7 iguanas
  A polar bear simulacrum (Lair:3)
  19 worker ants
  3 yak simulacra (Lair:3)
  5 wolf simulacra (Lair:3)
  14 sheep
  A howler monkey zombie (D:6)
  20 adders
  36 river rats
  3 white imps (Lair:4)
  An ooze (Sewer)
  5 worms
  A dart slug (D:4)
  4 giant geckos
  27 orcs
  11 bats
  7 giant cockroaches
  9 goblins
  2 hobgoblins (D:1)
  2 jackals (D:9)
  11 kobolds
  2 quokkas
  15 ball pythons
  A giant gecko skeleton (D:9)
  7 giant newts
  2 jackal skeletons
  2 jackal zombies
  A quokka skeleton (D:8)
  35 rats
  2 river rat simulacra (Lair:3)
  A fungus (D:9)
395 creatures vanquished.

Vanquished Creatures (others)
  A slave (D:9)
  A giant frog (D:9)
  A centaur skeleton (D:9)
  A hound (D:9)
  An adder (D:9)
  A shadow imp (D:9)
  An orc (D:9)
  A goblin (D:1)
  8 fungi
  A plant (Lair:3)
17 creatures vanquished.

Grand Total: 412 creatures vanquished

Notes
Turn   | Place    | Note
--------------------------------------------------------------
     0 | D:1      | Nordron the Gargoyle Earth Elementalist began the quest for the Orb.
     0 | D:1      | Reached XP level 1. HP: 10/10 MP: 3/3
   344 | D:1      | Reached XP level 2. HP: 14/15 MP: 0/5
   901 | D:1      | Reached XP level 3. HP: 19/19 MP: 5/7
   909 | D:1      | Learned a level 3 spell: Stone Arrow
  1264 | D:2      | Reached skill level 1 in Conjurations
  1399 | D:2      | Reached XP level 4. HP: 24/24 MP: 6/8
  1474 | D:2      | Found a radiant altar of Vehumet.
  1480 | D:2      | Became a worshipper of Vehumet
  1895 | D:3      | HP: 1/24 [orc wizard/puff of flame (3)]
  1899 | D:3      | Reached XP level 5. HP: 1/28 MP: 0/10
  2199 | D:3      | Found a glowing golden altar of the Shining One.
  2557 | D:3      | Reached * piety under Vehumet
  2557 | D:3      | Offered knowledge of Sting by Vehumet.
  3120 | D:4      | Reached XP level 6. HP: 22/32 MP: 9/12
  3175 | D:4      | Reached skill level 5 in Earth Magic
  3226 | D:4      | Found a bloodstained altar of Trog.
  3476 | D:4      | Found a staircase to the Ecumenical Temple.
  3482 | Temple   | Entered the Ecumenical Temple
  3681 | D:4      | Found a shattered altar of Ashenzari.
  3718 | D:5      | Entered Level 5 of the Dungeon
  3758 | D:5      | Reached XP level 7. HP: 35/36 MP: 10/14
  3851 | D:5      | Reached ** piety under Vehumet
  3851 | D:5      | Reached skill level 5 in Spellcasting
  3904 | D:5      | Learned a level 5 spell: Lee's Rapid Deconstruction
  3906 | D:5      | Found a shadowy altar of Dithmenos.
  3929 | D:5      | Offered knowledge of Throw Frost by Vehumet.
  4307 | D:5      | Found Yddoceq's Gadget Emporium.
  4529 | D:6      | Found a glowing drain.
  4589 | Sewer    | Entered a sewer
  4741 | Sewer    | Offered knowledge of Searing Ray by Vehumet.
  4761 | Sewer    | Reached XP level 8. HP: 33/41 MP: 7/17
  4958 | Sewer    | Reached *** piety under Vehumet
  5169 | Sewer    | Offered knowledge of Dazzling Spray by Vehumet.
  5252 | D:6      | Reached skill level 5 in Conjurations
  5580 | D:6      | Reached **** piety under Vehumet
  5610 | D:6      | Found a radiant altar of Vehumet.
  5977 | D:7      | Found Voxary's Antique Armour Boutique.
  5987 | D:7      | Bought a glowing robe for 25 gold pieces
  6054 | D:7      | Reached skill level 1 in Maces & Flails
  6076 | D:7      | Reached skill level 1 in Armour
  6084 | D:7      | Reached XP level 9. HP: 36/46 MP: 8/19
  6104 | D:7      | Learned a level 3 spell: Mephitic Cloud
  6222 | D:7      | Reached skill level 1 in Fighting
  6222 | D:7      | Reached skill level 1 in Evocations
  6263 | D:7      | Got an iridescent mace
  6265 | D:7      | Identified the +5 mace of Benevolence {antimagic, rF+ rC+ Int+4} (You found it on level 7 of the Dungeon)
  6432 | D:7      | Offered knowledge of Irradiate by Vehumet.
  6904 | D:8      | Found an oddly glowing altar of Pakellas.
  7004 | D:8      | Found Regikhli's Food Shoppe.
  7046 | D:8      | Found Zaocso's General Store.
  7219 | D:8      | Found a burning altar of Makhleb.
  7395 | D:9      | Noticed Pikel
  7404 | D:9      | Killed Pikel
  7404 | D:9      | Reached XP level 10. HP: 49/55 MP: 3/22
  7411 | D:9      | Got a brightly glowing quarterstaff
  7415 | D:9      | Identified the +10 quarterstaff "Neol" {crush, Str+6} (You found it on level 9 of the Dungeon)
  7528 | D:9      | Found a staircase to the Lair.
  7782 | D:9      | Identified a +1 rod of shadows (12/12) (You found it on level 9 of the Dungeon)
  8120 | Lair:1   | Entered Level 1 of the Lair of Beasts
  8211 | Lair:1   | Reached ***** piety under Vehumet
  8433 | Lair:1   | Offered knowledge of Spellforged Servitor by Vehumet.
  9231 | Lair:1   | Reached XP level 11. HP: 31/62 MP: 9/23
  9405 | Lair:1   | Reached skill level 5 in Fighting
 10584 | Lair:2   | Noticed a queen ant
 10890 | Lair:2   | Noticed Gastronok
 11260 | Lair:2   | Reached skill level 5 in Maces & Flails
 11260 | Lair:2   | Reached skill level 5 in Armour
 11495 | Lair:2   | Killed a queen ant
 12045 | Lair:2   | Killed Gastronok
 12045 | Lair:2   | Reached XP level 12. HP: 70/70 MP: 15/25
 12240 | Lair:3   | Found a dark tunnel.
 12248 | Volcano  | Entered a volcano
 12639 | Volcano  | Reached skill level 5 in Dodging
 12639 | Volcano  | Reached skill level 10 in Spellcasting
 13089 | Lair:3   | Reached skill level 10 in Earth Magic
 13450 | Lair:3   | Noticed a four-headed hydra
 13456 | Lair:3   | Killed a four-headed hydra
 13456 | Lair:3   | Reached skill level 5 in Evocations
 13470 | Lair:3   | Offered knowledge of Bolt of Fire by Vehumet.
 13484 | Lair:3   | Learned a level 6 spell: Bolt of Fire
 13779 | Lair:3   | Reached skill level 1 in Fire Magic
 14039 | Lair:3   | Found a hole to the Spider Nest.
 14461 | Lair:4   | Noticed Snorg
 14601 | Lair:4   | Found a frozen archway.
 14607 | Lair:4   | HP: 1/72 [white imp (3)]
 14607 | Lair:4   | Slain by a white imp

Skill      XL: |  1  2  3  4  5  6  7  8  9 10 11 12 |
---------------+-------------------------------------+-----
Earth Magic    | 4 5 6 7 8 9 10 | 10.3
Spellcasting   | 3 4 6 7 8 9 10 | 10.6
Conjurations   | 1 2 3 4 5 6 7 8 |  8.5
Maces & Flails | 1 3 4 5 6 |  6.1
Armour         | 1 2 4 5 6 |  6.5
Fighting       | 2 4 6 7 |  7.3
Evocations     | 2 3 4 5 |  5.3
Dodging        | 2 3 4 5 |  5.6
Fire Magic     | 1 |  1.4
Stealth        | |  2.1
Transmutations | |  0.7

Action                   |  1- 3 |  4- 6 |  7- 9 | 10-12 || total
-------------------------+-------+-------+-------+-------++-------
Melee: Club              |    53 |     2 |       |       ||    55
       Whip              |       |    45 |       |       ||    45
       Dagger            |       |    30 |    90 |   227 ||   347
       Mace              |       |       |     2 |       ||     2
       Quarterstaff      |       |       |       |   128 ||   128
       Staff             |       |       |       |     5 ||     5
 Cast: Sandblast         |    52 |   140 |   277 |   331 ||   800
       Stone Arrow       |       |       |    25 |   178 ||   203
       Lee's Rapid Decon |       |       |     2 |    11 ||    13
       Mephitic Cloud    |       |       |     1 |    10 ||    11
  Use: Scroll            |     4 |       |     5 |    19 ||    28
       Potion            |       |     1 |     1 |     2 ||     4
  Eat: Chunk             |     2 |    10 |    20 |    24 ||    56
Armor: Robe              |    33 |    54 |   159 |   304 ||   550
       Ring mail         |       |       |       |    61 ||    61
Dodge: Dodged            |    55 |    91 |   182 |   487 ||   815
Block: Other             |     6 |    12 |       |       ||    18
       Reflection        |     1 |       |       |       ||     1
